 Dungeon Crawl Stone Soup version 0.23.2-33-g5129a83184 (webtiles) character file.

Game seed: 818533662654416351

28 Iceshard the Chiller (level 3, -1/20 HPs)
             Began as a Deep Elf Ice Elementalist on July 23, 2019.
             Slain by a worm (8 damage)
             ... on level 2 of the Dungeon.
             The game lasted 00:05:29 (1166 turns).

Iceshard the Chiller (Deep Elf Ice Elementalist)    Turns: 1166, Time: 00:05:30

Health: -1/20      AC:  2    Str:  5    XL:     3   Next: 0%
Magic:  1/10       EV: 13    Int: 20    God:
Gold:   52         SH:  0    Dex: 15    Spells: 6/9 levels left

rFire    . . .     SeeInvis .   l - +0 short sword
rCold    . . .     Gourm    .   (no shield)
rNeg     . . .     Faith    .   a - +0 robe
rPois    .         Spirit   .   (no helmet)
rElec    .         Reflect  .   (no cloak)
rCorr    .         Harm     .   (no gloves)
MR       .....                  (no boots)
Stlth    ++........             (no amulet)
HPRegen  0.06/turn              (no ring)
MPRegen  0.12/turn              (no ring)

@: very slightly contaminated
A: no striking features
a: no special abilities


You were on level 2 of the Dungeon.
You were not hungry.

You visited 1 branch of the dungeon, and saw 2 of its levels.

You collected 52 gold pieces.

Inventory:

Hand Weapons
 l - a +0 short sword (weapon)
Armour
 a - a +0 robe (worn)
Scrolls
 d - a scroll of amnesia {unknown}
 e - a scroll of enchant armour {unknown}
 h - 4 scrolls of remove curse {unknown}
 i - a scroll of magic mapping {unknown}
 j - 2 scrolls of blinking {unknown}
 k - a scroll of identify {unknown}
Potions
 b - a potion of heal wounds {unknown}
 f - a potion of resistance {unknown}
 g - 3 potions of curing {unknown}
Comestibles
 c - 3 rations


   Skills:
 * Level 1.4 Fighting
 - Level 2.4 Dodging
 - Level 2.4 Stealth
 + Level 3.5 Spellcasting
 - Level 1.1 Conjurations
 + Level 3.6 Ice Magic


You had 6 spell levels left.
You knew the following spells:

 Your Spells              Type           Power        Failure   Level  Hunger
a - Freeze                Ice            ###.         3%          1    None
b - Throw Frost           Conj/Ice       ##....       8%          2    ##.....

Your spell library contained the following spells:

 Spells                   Type           Power        Failure   Level  Hunger
 Ozocubu's Armour         Chrm/Ice       ##......     19%         3    ###....
 Throw Icicle             Conj/Ice       ##......     45%         4    ####...
 Summon Ice Beast         Ice/Summ       ##......     54%         4    ####...


Dungeon Overview and Level Annotations

Branches:
Dungeon (2/15)

Altars:


Message History

You are very lightly contaminated with residual magic.
Your hands feel numb with cold.
Casting: Throw Frost (safe; 8% risk of failure)
Confirm with . or Enter, or press ? or * to list all spells.
You don't have enough magic to cast that spell.
The worm bites you.
Casting: Throw Frost (safe; 8% risk of failure)
Confirm with . or Enter, or press ? or * to list all spells.
Aiming: Freeze (safe; 3% risk of failure)
Press: ? - help, Shift-Dir - straight line, f/p - worm
Aim: a worm (heavily wounded)
You freeze the worm.
The worm is heavily wounded.
You hit the worm.
The worm is severely wounded.
The worm bites you!
You hit the worm but do no damage.
The worm is heavily wounded.
The worm bites you!
You die...

##############. .......
#)............. .......
######)........ .......
#......... .......
#......... .......
####...... .......
#...... ......w##
##..... .......@###
#..... ..........###
#.....
........#...#######.....
........###.............
........# #########.....
.......## #..... ......#
#..... ###### #.....
#.....


You could see a worm.

Vanquished Creatures
  An ooze (D:2)
  A giant cockroach (D:1)
  2 goblins
  5 hobgoblins (D:1)
  3 bats
  A frilled lizard (D:1)
  7 kobolds
  3 rats (D:1)
23 creatures vanquished.

Notes
Turn   | Place    | Note
-------+----------+-------------------------------------------
     0 | D:1      | Iceshard the Deep Elf Ice Elementalist began the quest for
                  | the Orb.
     0 | D:1      | Reached XP level 1. HP: 10/10 MP: 6/6
   511 | D:1      | Reached XP level 2. HP: 6/16 MP: 5/8
   523 | D:1      | Reached skill level 1 in Fighting
   534 | D:1      | Learned a level 2 spell: Throw Frost
  1159 | D:2      | Reached XP level 3. HP: 20/20 MP: 7/10
  1166 | D:2      | Slain by a worm

Skill      XL: |  1  2 |
---------------+-------+-----
Fighting       | 1 |  1.4
Dodging        | |  2.4
Stealth        | |  2.4
Spellcasting   | |  3.5
Conjurations   | |  1.1
Ice Magic      | |  3.6

Action                   || total
-------------------------++-------
Melee: Whip              ||    10
       Mace              ||     2
       Short sword       ||     2
 Cast: Freeze            ||    16
       Throw Frost       ||    17
  Eat: Ration            ||     1
Armor: Robe              ||     5
Dodge: Dodged            ||    22
